 Dungeon Sprint DCSS version 0.31-a0-920-g28cbb04a8c (webtiles) character file.

Game seed: 11047532257732544339

9 sircluck the Ruffian (level 2, 0/31 HPs)
             Began as a Troll Berserker on Oct 17, 2023.
             Was a Follower of Trog.
             Slain by an unseen horror (4 damage)
             ... in the Dungeon (Sprint VII: "The Pits").
             The game lasted 00:00:11 (526 turns).

sircluck the Ruffian (Troll Berserker)               Turns: 526, Time: 00:00:12

Health: 0/31       AC:  4    Str: 24    XL:     2   Next: 6%
Magic:  1/1        EV: 10    Int:  3    God:    Trog [*.....]
Gold:   0          SH:  0    Dex:  9    Spells: 1/1 levels left

rFire   . .          .
                       - Unarmed
rCold   . . .        (no shield)
rNeg    . . .        a - +0 animal skin
rPois   .            (helmet restricted)
rElec   .            (no cloak)
rCorr   .            (gloves unavailable)
SInv    .            (boots unavailable)
Will    .....        (no amulet)
Stlth   +            (no ring)
HPRegen 1.05/turn    (no ring)
MPRegen 0.07/turn

%: no teleportation
@: no status effects
A: large, unfitting armour, claws 3, regeneration 1, shaggy fur 1, tough skin 1
a: Renounce Religion, Berserk


You were in the Dungeon.
You worshipped Trog.
Trog was aware of your devotion.
You visited 1 branch

Inventory:

Armour
 a - a +0 animal skin (worn)
Scrolls
 g - a scroll of blinking
Potions
 b - a potion of curing
 c - a potion of heal wounds
 d - a potion of haste
 e - 2 potions of magic
 f - a potion of berserk rage


   Skills:
 + Level 3.1 Fighting
 + Level 3.1 Dodging
 + Level 3.8 Unarmed Combat


You had one spell level left.
You didn't know any spells.
Your spell library was empty.

Dungeon Overview and Level Annotations

Branches:
Dungeon (1/1)

Altars:


Innate Abilities, Weirdness & Mutations

You are too large for most types of armour.
You have claws for hands.
Your natural rate of healing is unusually fast.
You are covered in fur. (AC +1)
You have tough skin. (AC +1)


Message History

Found a staircase leading out of the dungeon.
You open the door.
There is an open door to the Entrance Hall (Safe) here.
You open the huge gate.
There is a huge open gate to the Metal Vault (Medium) here.
There is a huge open gate to the Metal Vault (Medium) here.
You open the gate.
An adder and a redback come into view.
You close the gate.
There is a huge open gate to the Metal Vault (Medium) here.
There is a huge open gate to the Metal Vault (Medium) here.
You start waiting.
Done waiting.
You start waiting.
Done waiting.
You start waiting.
You start waiting.
You start waiting.
Done waiting.
There is a huge open gate to the Metal Vault (Medium) here.
You open the gate.
The adder hisses angrily.
Something hits you.
Deactivating autopickup; reactivate with Ctrl-A.
Something hits you. Something hits you!
* * * LOW HITPOINT WARNING * * *
The adder completely misses you.
You claw the adder!
You kill the adder!
Trog accepts your kill. Something hits you.
* * * LOW HITPOINT WARNING * * *
Your Fighting skill increases to level 3!
Your Dodging skill increases to level 3!
You have reached level 2!
Unknown command.
Unknown command.
Unknown command.
You completely miss the redback. Something hits you.
You die...

#................+
+................+
#......#..#......#
#................#
####'#####''######
#.......##''#
#.......##..#
#.......##..#
#...<...##.@# ##
#.......##s.#..###
#.......##..#....##
#.......##..'s....#
##########..'.....+
#..'.....#
#..#....##
#..#..### #..####


You could see a redback.

Vanquished Creatures
  An adder (D)
1 creature vanquished.

Notes
Turn   | Place    | Note
-------+----------+-------------------------------------------
     0 | D        | sircluck the Troll Berserker began the quest for the Orb.
     0 | D        | Reached XP level 1. HP: 22/22 MP: 0/0
    21 | D        | Noticed a redback
   526 | D        | Reached XP level 2. HP: 3/31 MP: 1/1
   526 | D        | Slain by an unseen horror

Illustrated notes

Levels and vault maps discovered:
D:        pitsprint [storerooms_1, entrance_room_1, metal_vault_1, armoury_3,
          mini_pit_1, grid_room_1, main_hall_1, silver_pit, the_coven_3,
          the_vestibule_1, steel_vault_3, golden_pit, hallway_of_sentries,
          crystal_vault_4, iron_vault_4, final_vault]

Skill      XL: |  1 |
---------------+----+-----
Fighting       | 3 |  3.1
Dodging        | 3 |  3.1
Unarmed Combat | |  3.8

Action                     || total
---------------------------++-------
  Melee: Unarmed           ||     2
 Armour: Animal skin       ||     5
  Dodge: Dodged            ||     1

Table legend: (Time is in decaauts)
 A = Elapsed time spent in this place.
 B = Non-inter-level travel time spent in this place.
 C = Inter-level travel time spent in this place.
 D = Time resting spent in this place.
 E = Time spent auto-exploring this place.
 F = Levels seen in this place.
 G = Mean time per level.
                   A        B        C        D        E       F      G
               +--------+--------+--------+--------+--------+-----+--------+
         Total |    525 |    525 |      0 |    482 |     21 |   1 |  525.0 |
       Dungeon |    525 |    525 |      0 |    482 |     21 |   1 |  525.0 |
               +--------+--------+--------+--------+--------+-----+--------+

Top non-repeatable levels by time:
       D: 525 daAuts
